 Dungeon Crawl Stone Soup version 0.31-a0-986-g5e6e4ef867 (webtiles) character file.

Game seed: 16197776035256974266

34988 TrayleKats the Severer (level 13, -6/118 HPs)
             Began as a Minotaur Fighter on Nov 15, 2023.
             Was a High Priest of Okawaru.
             Mangled by a black mamba (9 damage)
             ... on level 2 of the Lair of Beasts.
             The game lasted 00:24:44 (16409 turns).

TrayleKats the Severer (Minotaur Fighter)          Turns: 16409, Time: 00:24:45

Health: -6/118     AC: 18    Str: 25    XL:     13   Next: 45%
Magic:  18/18      EV: 12    Int: 11    God:    Okawaru [*****.]
Gold:   665        SH:  5    Dex: 11    Spells: 12/12 levels left

rFire   + . .        l - +9 battleaxe (vamp)
rCold   + . .        (shield currently unavailable)
rNeg    . . .        x - +0 chain mail
rPois   .            (helmet restricted)
rElec   .            e - scarf {rC+ rF+}
rCorr   .            I - +2 pair of gloves
SInv    .            T - +2 pair of boots
Will    .....        u - amulet of reflection Stlth
                     h - +6 ring of intelligence
HPRegen 0.39/turn    (no ring)
MPRegen 0.16/turn

%: reflection
@: lethally poisoned (-6 -> -33), on berserk cooldown
A: horns 2, retaliatory headbutt
a: Renounce Religion, Heroism, Finesse, Duel


You were on level 2 of the Lair of Beasts.
You worshipped Okawaru.
Okawaru was extremely pleased with you.
You visited 3 branches of the dungeon, and saw 17 of its levels.
You also visited: Ossuary.

You collected 1113 gold pieces.
You spent 448 gold pieces at shops.

Inventory:

Hand Weapons
 l - a +9 vampiric battleaxe (weapon)
Missiles
 a - 5 curare-tipped darts (quivered)
 f - 2 datura-tipped darts
 s - 34 poisoned darts
 v - 15 boomerangs
 F - 3 silver javelins
 Q - 3 atropa-tipped darts
Armour
 e - a scarf of resistance (worn)
 x - a +0 chain mail (worn)
 I - a +2 pair of gloves (worn)
 N - the +0 pair of gloves of Dishonour {Contam rF+++ rN++ Int-4}
   (You found it on level 10 of the Dungeon)

   Int-4:     It affects your intelligence (-4).
   rF+++:     It renders you almost immune to fire.
   rN++:      It greatly protects you from negative energy.
   Contam:    It causes magical contamination when unequipped.
 T - a +2 pair of boots (worn)
Jewellery
 h - a +6 ring of intelligence (left hand)
 m - an amulet of faith
 u - an amulet of reflection (around neck)
 y - an amulet of the acrobat
 G - a ring of flight
 L - a +6 ring of intelligence
Wands
 n - a wand of mindburst (11)
 H - a wand of polymorph (16)
 J - a wand of flame (18)
 O - a wand of digging (10)
Scrolls
 b - 2 scrolls of fear
 i - 3 scrolls of enchant weapon
 j - 8 scrolls of teleportation
 k - 2 scrolls of immolation
 o - a scroll of acquirement
 p - 5 scrolls of identify
 r - 2 scrolls of enchant armour
 t - 2 scrolls of blinking
 A - a scroll of brand weapon
 D - 2 scrolls of vulnerability
 E - 2 scrolls of amnesia
 M - 3 scrolls of torment
 S - a scroll of poison
 U - a scroll of noise {unknown}
Potions
 c - 4 potions of enlightenment
 d - 2 potions of might
 q - 3 potions of mutation
 w - 2 potions of attraction
 z - 2 potions of haste
 R - a potion of resistance {unknown}
 V - a potion of heal wounds {unknown}


   Skills:
 + Level 12.1 Fighting
 * Level 15.9 Axes
 + Level 8.7 Throwing
 + Level 10.8 Armour
 + Level 9.2 Dodging
 - Level 3.6 Shields
 - Level 8.0 Invocations


You had 12 spell levels left.
You didn't know any spells.
Your spell library contained the following spells:

 Spells                   Type           Power      Damage    Failure   Level
 Magic Dart               Conj           0%         1d3       80%         1
 Necrotise                Necr           0%         1d4       80%         1
 Sting                    Tmut/Pois      0%         1d3       80%         1
 Poisonous Vapours        Pois/Air       0%         N/A       91%         2
 Dazzling Flash           Conj/Hex       0%         N/A       99%         3
 Gell's Gravitas          Tloc           0%         N/A       99%         3
 Mephitic Cloud           Conj/Pois/Air  0%         N/A       99%         3
 Teleport Other           Tloc           0%         N/A       99%         3
 Vampiric Draining        Necr           0%         2d6       99%         3
 Olgreb's Toxic Radiance  Pois           0%         N/A       100%        4
 Agony                    Necr           0%         N/A       100%        5
 Borgnjor's Vile Clutch   Necr/Erth      0%         N/A       100%        5
 Lee's Rapid Deconstruct  Erth           0%         3d4*      100%        5
 Silence                  Hex/Air        0%         N/A       100%        5
 Dispersal                Tloc           0%         N/A       100%        6
 Call Imp                 Summ           Unusable   N/A       N/A         2
 Animate Armour           Summ/Erth      Unusable   N/A       N/A         4
 Animate Dead             Necr           Unusable   N/A       N/A         4
 Summon Ice Beast         Ice/Summ       Unusable   N/A       N/A         4
 Summon Lightning Spire   Summ/Air       Unusable   N/A       N/A         4
 Summon Mana Viper        Hex/Summ       Unusable   N/A       N/A         5
 Death Channel            Necr           Unusable   N/A       N/A         6
 Monstrous Menagerie      Summ           Unusable   N/A       N/A         7

Dungeon Overview and Level Annotations

Branches:
Dungeon (13/15)            Temple (1/1) D:5            Lair (3/5) D:8
 Spider (0/4) Lair:3          Orc (0/2) D:9         Ossuary (visited)
  Swamp: Lair:2-3    Shoals: Lair:2-3    Vaults: D:13-14

Altars:
Ashenzari
Cheibriados
Dithmenos
Elyvilon
Fedhas
Gozag
Hepliaklqana
Kikubaaqudgha
Makhleb
Nemelex Xobeh
Okawaru
Qazlal
Ru
Sif Muna
Trog
Uskayaw
Vehumet
Wu Jian
Xom
Yredelemnul
Zin
The Shining One
Jiyva

Shops:
D:5 *

Portals:
Abyss: D:5

Annotations:
D:7 1 runed translucent door, randomguy2701's ghost, novice GnWn
Lair:3 Kirke


Innate Abilities, Weirdness & Mutations

You have a pair of horns on your head.
You reflexively headbutt those who attack you in melee.


Message History

The black mamba bites you.
* * * LOW HITPOINT WARNING * * *
Okay, then.
It was a potion of enlightenment.
You feel very buoyant.
You fly up into the air.
The black mamba barely misses you. The black mamba misses you.
It was a potion of lignification.
You feel woody for a moment. You block the black mamba's attack.
The black mamba misses you. You block the black mamba's attack.
It was a potion of magic.
Magic courses through your body. The black mamba bites you.
* * * LOW HITPOINT WARNING * * *
You are lethally poisoned!
The black mamba poisons you! The black mamba completely misses you.
The black mamba bites you.
* * * LOW HITPOINT WARNING * * *
You are more poisoned.
The black mamba poisons you!
It was a potion of cancellation.
Your magical effects are unravelling.
You feel magically purged.
You feel less porcine.
Your +9 vampiric battleaxe unmelds from your body.
Your scarf of resistance unmelds from your body.
Your +2 pair of gloves unmelds from your body.
Your +2 pair of boots unmelds from your body.
Your +0 chain mail unmelds from your body.
Your +6 ring of intelligence unmelds from your body.
You feel a sense of dread.
You feel resistant to extremes of temperature.
You feel clever.
You feel yourself speed up.
You float gracefully downwards.
Your enlightenment fades.
* * * LOW HITPOINT WARNING * * *
You feel extremely sick. The black mamba closely misses you.
You furiously retaliate!
You headbutt the black mamba! The black mamba bites you!
You die...

#...# #.....#
##..... #...#
##...## ##.#....
#...# ##...#
#....... #...#
###..#.##
##.......
#...####P##....#
#........
#.............##
##.......
#..............##
#.......
#....###........#
#....... ##...##
####@..###
#..#.... #P...#
#PS..## ###.....
##...# ##....#
#..#.# #....#
#.....###
###.#... #....#
#P....#.#
#....... ##...#
###...[##
##...... #....#
##....# #..#..8.
#...####
##...####.......
#....#.#
###....'......<


You could see a black mamba.

Vanquished Creatures
  Frances (D:12)
  Josephine (Lair:3)
  A boulder beetle (D:12)
  Erica (D:9)
  5 death yaks (Lair:2)
  Amaemon (D:8)
  A skyshark (Lair:2)
  Pikel (D:7)
  The ghost of kaesle the Trooper, a novice HOFi (D:5)
  A manticore (D:11)
  4 ugly things
  A cyclops (D:11)
  3 black mambas
  3 gargoyles
  An orange demon (Lair:1)
  12 cane toads
  4 komodo dragons
  3 rime drakes
  2 kobold demonologists (D:9)
  3 unseen horrors
  4 trolls
  2 polar bears (Lair:3)
  8 blink frogs
  4 dream sheep (Lair:3)
  2 jumping spiders (Lair:3)
  Sigmund (D:3)
  8 slime creatures
  20 yaks
  5 wraiths
  A wyvern (Lair:2)
  3 basilisks
  A steam dragon (D:6)
  2 redbacks (Lair:3)
  4 vampire mosquitoes (D:10)
  6 water moccasins
  An acid dragon (D:9)
  A sky beast (D:7)
  3 ice beasts (D:6)
  3 black bears
  2 orc warriors
  11 wolves
  An ogre (D:6)
  3 centaurs
  2 small abominations (D:5)
  A kobold brigand (D:9)
  7 bullfrogs
  2 scorpions
  A wyvern zombie (D:6)
  7 wights
  4 killer bees (D:9)
  3 electric eels (D:8)
  2 howler monkeys (D:10)
  A crimson imp (D:5)
  5 hounds
  2 centaur zombies
  A human zombie (D:4)
  3 bullfrog zombies (D:6)
  5 jellies
  7 orc priests
  A gnoll bouda (D:8)
  Jessica (D:3)
  3 iguanas
  2 scorpion zombies (D:4)
  14 orc wizards
  A killer bee zombie (D:6)
  2 hound zombies (D:4)
  9 mummies
  A howler monkey zombie (D:4)
  11 adders
  4 gnolls
  A shadow imp (D:7)
  2 white imps (D:6)
  2 adder zombies (D:4)
  3 dart slugs
  40 orcs
  10 ball pythons
  2 bats
  2 endoplasms
  A giant cockroach (D:4)
  2 gnoll zombies (Ossuary)
  4 goblins
  5 hobgoblins
  4 jackals (D:1)
  A quokka (D:5)
  4 frilled lizards
  2 hobgoblin zombies (Ossuary)
  10 kobolds
  A kobold zombie (Ossuary)
  3 orc zombies (Ossuary)
  8 rats
355 creatures vanquished.

Vanquished Creatures (others)
  3 orcs (D:8)
3 creatures vanquished.

Grand Total: 358 creatures vanquished

Notes
Turn   | Place    | Note
-------+----------+-------------------------------------------
     0 | D:1      | TrayleKats the Minotaur Fighter began the quest for the
                  | Orb.
     0 | D:1      | Reached XP level 1. HP: 19/19 MP: 0/0
   108 | D:1      | Reached skill level 3 in Axes
   122 | D:1      | Reached XP level 2. HP: 27/27 MP: 1/1
   247 | D:1      | Found a faded altar of an unknown god.
   318 | D:1      | Reached XP level 3. HP: 33/33 MP: 2/2
   795 | D:2      | Reached skill level 4 in Axes
   850 | D:2      | Reached XP level 4. HP: 35/41 MP: 3/3
  1435 | D:3      | Noticed Sigmund
  1669 | D:3      | Reached skill level 5 in Axes
  1808 | D:3      | Noticed a scorpion
  1814 | D:3      | Killed a scorpion
  1815 | D:3      | Reached skill level 5 in Fighting
  1815 | D:3      | Reached XP level 5. HP: 47/48 MP: 4/4
  1986 | D:3      | Noticed Jessica
  1992 | D:3      | Killed Jessica
  1993 | D:3      | Reached skill level 6 in Axes
  2074 | D:3      | Killed Sigmund
  2075 | D:3      | Reached skill level 7 in Axes
  2075 | D:3      | Reached XP level 6. HP: 47/57 MP: 5/5
  2341 | D:3      | You fall into a shaft and drop 3 floors!
  2346 | D:6      | Noticed an ice beast
  2348 | D:5      | Entered Level 5 of the Dungeon
  2455 | D:4      | Found a hazy altar of Hepliaklqana.
  2519 | D:4      | Reached XP level 7. HP: 61/63 MP: 6/6
  2525 | D:4      | Identified a scroll of acquirement
  2525 | D:4      | Acquired a +4 vampiric battleaxe
  2702 | D:4      | Found a sand-covered staircase.
  2711 | Ossuary  | Entered an ossuary
  3416 | Ossuary  | Reached skill level 8 in Axes
  3631 | D:4      | Reached skill level 1 in Dodging
  3641 | D:4      | Reached skill level 1 in Throwing
  3747 | D:4      | Found an ancient bone altar of Kikubaaqudgha.
  4183 | D:5      | Reached XP level 8. HP: 71/71 MP: 7/7
  4205 | D:5      | Found Ikkoymav's Neck Hole.
  4244 | D:5      | Bought a scarf of resistance for 448 gold pieces
  4305 | D:5      | Found a staircase to the Ecumenical Temple.
  4354 | Temple   | Entered the Ecumenical Temple
  4361 | Temple   | Became a worshipper of Warmaster Okawaru
  4411 | D:5      | Found a transporter.
  4423 | D:5      | Found a one-way gate to the infinite horrors of the Abyss.
  4423 | D:5      | Noticed kaesle's ghost (novice HOFi)
  4463 | D:5      | Found a transporter.
  4604 | D:5      | Reached skill level 9 in Axes
  4700 | D:5      | Killed kaesle's ghost
  4700 | D:5      | Reached * piety under Okawaru
  4701 | D:5      | Reached skill level 5 in Armour
  4701 | D:5      | Reached skill level 1 in Invocations
  4807 | D:6      | Reached XP level 9. HP: 80/80 MP: 9/9
  4867 | D:6      | Reached skill level 10 in Axes
  4997 | D:6      | Found a basalt altar of Yredelemnul.
  5011 | D:6      | Reached ** piety under Okawaru
  5886 | D:7      | Noticed Jeremiah
  5887 | D:7      | Jeremiah changed into Jeremiah the blink frog
  5887 | D:7      | Noticed Jeremiah
  5892 | D:7      | Killed Jeremiah the blink frog
  5941 | D:7      | Noticed Pikel
  5964 | D:7      | HP: 4/82 [Pikel/+2 whip of electrocution (14)]
  5966 | D:7      | Killed Pikel
  5966 | D:7      | Reached *** piety under Okawaru
  5967 | D:7      | Reached skill level 11 in Axes
  6301 | D:7      | Found a runed translucent door.
  6307 | D:7      | Noticed randomguy2701's ghost (novice GnWn)
  6684 | D:7      | Reached XP level 10. HP: 86/90 MP: 11/11
  6930 | D:7      | Reached skill level 5 in Dodging
  7063 | D:8      | Noticed a catoblepas
  7579 | D:8      | Reached skill level 5 in Throwing
  7582 | D:8      | Reached **** piety under Okawaru
  7662 | D:8      | Found a staircase to the Lair.
  8382 | D:8      | Reached skill level 12 in Axes
  8819 | D:9      | Found a staircase to the Orcish Mines.
  9265 | D:9      | Noticed Erica
  9270 | D:9      | Killed Erica
  9270 | D:9      | Reached ***** piety under Okawaru
  9512 | D:9      | Reached skill level 5 in Invocations
  9512 | D:9      | Reached XP level 11. HP: 97/97 MP: 13/13
  9693 | D:10     | Entered Level 10 of the Dungeon
  9786 | D:10     | Received a gift from Okawaru
  9806 | D:10     | Identified the +0 pair of gloves of Dishonour {Contam rF+++
                  | rN++ Int-4}
  9917 | D:10     | Noticed Sonja
  9919 | D:10     | Sonja changed into Sonja the rime drake
  9919 | D:10     | Noticed Sonja
  9924 | D:10     | Killed Sonja the rime drake
 10623 | D:11     | Reached skill level 10 in Fighting
 10623 | D:11     | Reached skill level 13 in Axes
 10878 | D:11     | Noticed a white ugly thing
 10934 | D:11     | Killed a white ugly thing
 10962 | D:11     | Received a gift from Okawaru
 11597 | D:12     | Noticed a purple ugly thing
 11894 | D:12     | Killed a purple ugly thing
 12195 | D:12     | Found a viscous altar of Jiyva.
 12343 | D:12     | Noticed Frances
 12352 | D:12     | Noticed a sun demon
 12359 | D:12     | Killed Frances
 12735 | D:12     | Noticed a purple ugly thing
 12748 | D:12     | Reached XP level 12. HP: 108/108 MP: 12/15
 12752 | D:12     | Noticed a boulder beetle
 12757 | D:12     | Received a gift from Okawaru
 12764 | D:12     | Killed a boulder beetle
 12765 | D:12     | Reached skill level 14 in Axes
 13904 | D:13     | Noticed a boulder beetle
 14015 | Lair:1   | Entered Level 1 of the Lair of Beasts
 14015 | Lair:1   | Noticed Amaemon
 14029 | D:8      | Killed Amaemon
 14907 | Lair:1   | You fall into a shaft and drop 1 floor!
 15116 | Lair:2   | Noticed a death yak
 15117 | Lair:2   | Noticed a death yak
 15117 | Lair:2   | Noticed a death yak
 15120 | Lair:2   | Noticed a death yak
 15123 | Lair:2   | Noticed a death yak
 15124 | Lair:2   | Killed a death yak
 15128 | Lair:2   | Killed a death yak
 15132 | Lair:2   | Killed a death yak
 15133 | Lair:2   | Reached skill level 15 in Axes
 15133 | Lair:2   | Reached skill level 10 in Armour
 15140 | Lair:2   | Killed a death yak
 15143 | Lair:2   | Killed a death yak
 15355 | Lair:2   | Reached XP level 13. HP: 115/117 MP: 15/17
 15939 | Lair:1   | Identified the +8 shortbow of Qulena {elec, Str+5 Int+2}
 16178 | Lair:3   | Found a hole to the Spider Nest.
 16238 | Lair:3   | Received a gift from Okawaru
 16264 | Lair:3   | Noticed Josephine
 16273 | Lair:3   | Killed Josephine
 16335 | Lair:3   | Noticed Kirke
 16342 | Lair:3   | Noticed a sphinx
 16409 | Lair:2   | HP: 3/118 [poisoned by a black mamba]
 16409 | Lair:2   | Mangled by a black mamba

Illustrated notes

Levels and vault maps discovered:
D:1:      dpeg_arrival_orchard, layout_basic, shapermc_ecumenical_altar_ellora,
          st_stairs_11, feat_on_display
D:2:      layout_loops_ring, serial_bayou_pond_b, guppyfry_early_lair_pool
D:3:      layout_basic, wad_floor_pattern_untrapped, uniq_sigmund, uniq_jessica
D:4:      layout_rooms, mainiacjoe_overflow_catwalk,
          lemuel_mausoleum_altar_kikubaaqudgha, enter_ossuary_1
D:5:      layout_rooms, minmay_temple_entry_trees,
          gammafunk_ghost_abyssal_escape, nicolae_shop_sticking_my_neck_out
D:6:      layout_loops_ring, nicolae_yredelemnul_corpse_copse
D:7:      layout_basic, ebering_ghost_reflecting_pool, uniq_jeremiah, uniq_pikel
D:8:      layout_loops_corners, erik_lair_island, lightli_corner_chamber
D:9:      layout_stronghold, orc_0_dummy, minmay_holes, uniq_erica
D:10:     layout_long_grid, uniq_sonja
D:11:     layout_irregular_city
D:12:     layout_irregular_city, jiyva_altar_1, uniq_frances
D:13:     layout_rooms, david_vaults_2, st_stairs_13,
          einodemon_barbed_minivault, uniq_urug, uniq_nessos, uniq_jorgrun
Temple:   compressed_dpeg_triangle_lava_temple
Lair:1:   layout_regular_city, chequers_serial_rivers_marsh,
          guppyfry_lair_drakes, uniq_amaemon
Lair:2:   layout_concentric_octagons, grunt_forest_small_clearing_treed,
          grunt_megastairs_2
Lair:3:   layout_regular_city, nicolae_swamp_entry_spooky, spider_nest_entry_a,
          serial_bayou_shore_a, uniq_josephine, uniq_kirke

Skill      XL: |  1  2  3  4  5  6  7  8  9 10 11 12 13 |
---------------+----------------------------------------+-----
Axes           | 3 4 5 7 8 9 11 12 13 15 | 15.9
Fighting       | 4 5 6 7 8 9 10 11 12 | 12.1
Dodging        | 2 3 4 6 7 8 9 |  9.2
Throwing       | 1 3 4 5 7 8 |  8.7
Armour         | 4 5 6 7 9 10 | 10.8
Invocations    | 2 3 5 6 7 8 |  8.0
Shields        | |  3.6

Action                     |  1- 3 |  4- 6 |  7- 9 | 10-12 | 13-15 || total
---------------------------+-------+-------+-------+-------+-------++-------
  Melee: War axe           |    59 |    66 |       |       |       ||   125
         Headbutt          |     7 |    14 |    39 |    86 |    17 ||   163
         Battleaxe         |       |       |   211 |   391 |    95 ||   697
         Unarmed           |       |       |       |       |     5 ||     5
  Throw: Dart              |       |     8 |     1 |    23 |       ||    32
         Boomerang         |       |       |       |    18 |       ||    18
 Invoke: Heroism           |       |       |       |    11 |     5 ||    16
         Finesse           |       |       |       |     2 |       ||     2
  Evoke: Wand              |       |       |     1 |     2 |       ||     3
    Use: Scroll            |       |       |    15 |    13 |       ||    28
         Potion            |       |       |       |     2 |     7 ||     9
 Armour: Scale mail        |    29 |    37 |       |       |       ||    66
         Chain mail        |       |     6 |   149 |   310 |    73 ||   538
         Skin              |       |       |       |       |    14 ||    14
  Dodge: Dodged            |    32 |    24 |    73 |   148 |    72 ||   349
  Block: Buckler           |    11 |    16 |     1 |       |       ||    28
         Other             |       |       |    35 |    78 |    19 ||   132
         Reflection        |       |       |     1 |     6 |       ||     7

Table legend: (Time is in decaauts)
 A = Elapsed time spent in this place.
 B = Non-inter-level travel time spent in this place.
 C = Inter-level travel time spent in this place.
 D = Time resting spent in this place.
 E = Time spent auto-exploring this place.
 F = Levels seen in this place.
 G = Mean time per level.
                   A        B        C        D        E       F      G
               +--------+--------+--------+--------+--------+-----+--------+
         Total |  16466 |  15824 |    642 |   3817 |   9669 |  18 |  914.8 |
       Dungeon |  13573 |  13016 |    557 |   3016 |   8183 |  13 | 1044.1 |
        Temple |     14 |      8 |      6 |      0 |      0 |   1 |   14.0 |
          Lair |   1977 |   1899 |     78 |    160 |   1328 |   3 |  659.0 |
       Ossuary |    901 |    901 |      0 |    641 |    158 |   1 |  901.0 |
               +--------+--------+--------+--------+--------+-----+--------+

Top non-repeatable levels by time:
    D:12: 1768 daAuts
     D:8: 1761 daAuts
    D:11: 1590 daAuts
     D:7: 1372 daAuts
     D:6: 1138 daAuts
     D:9: 1083 daAuts
  Lair:1: 1076 daAuts
     D:3: 1035 daAuts
    D:10: 941 daAuts
 Ossuary: 901 daAuts
     D:2: 760 daAuts
     D:4: 731 daAuts
     D:1: 714 daAuts
  Lair:2: 714 daAuts
     D:5: 673 daAuts
